 Dungeon Crawl Stone Soup version 0.29-a0-330-g52719c12eb (webtiles) character file.

Game seed: 11101961707959420678

1294 HoaS the Quickloader (level 8, -2/48 HPs)
             Began as a Gargoyle Hunter on May 18, 2022.
             Was an Initiate of Makhleb.
             Slain by a yak (5 damage)
             ... on level 6 of the Dungeon.
             The game lasted 00:12:47 (5357 turns).

HoaS the Quickloader (Gargoyle Hunter)              Turns: 5357, Time: 00:12:48

Health: -2/48      AC: 17    Str: 22    XL:     8   Next: 56%
Magic:  8/8        EV:  8    Int:  9    God:    Makhleb [......]
Gold:   980        SH:  0    Dex: 15    Spells: 7/7 levels left

rFire   . . .      SeeInvis .   a - +3 hand crossbow (flame)
rCold   . . .      Faith    .   (no shield)
rNeg    + . .      Spirit   .   j - +0 chain mail
rPois   ∞          Reflect  .   (no helmet)
rElec   +          Harm     .   (no cloak)
rCorr   .          Rampage  .   (no gloves)
Will    .....                   i - +2 pair of boots
Stlth   ..........              (no amulet)
HPRegen 0.16/turn               l - +6 ring of strength
MPRegen 0.11/turn               (no ring)

@: about to teleport
A: sickness immunity, AC +5, negative energy resistance 1, electricity
resistance, torment resistance 1, petrification resistance
a: Renounce Religion


You were on level 6 of the Dungeon.
You worshipped Makhleb.
Makhleb was noncommittal.
You visited 2 branches of the dungeon, and saw 7 of its levels.
You also visited: Sewer.

You collected 1220 gold pieces.
You spent 240 gold pieces at shops.

Inventory:

Hand Weapons
 a - a +3 hand crossbow of flaming (weapon)
Armour
 e - a +0 ring mail
 i - a +2 pair of boots (worn)
 j - a +0 chain mail (worn)
Jewellery
 l - a +6 ring of strength (left hand)
Scrolls
 b - 2 scrolls of blinking
 c - a scroll of immolation
 f - 2 scrolls of fog
 g - 3 scrolls of enchant armour
Potions
 d - a potion of degeneration {unknown}
 h - a potion of lignification
 k - 2 potions of flight {unknown}
 m - a potion of magic {unknown}
 n - 2 potions of attraction {unknown}
 o - 2 potions of haste {unknown}
 q - a potion of berserk rage {unknown}


   Skills:
 * Level 4.0 Fighting
 - Level 10.0 Crossbows
 + Level 2.0 Armour
 + Level 2.3 Dodging
 - Level 1.2 Stealth


You had 7 spell levels left.
You didn't know any spells.
Your spell library contained the following spells:

 Spells                   Type           Power      Damage    Failure   Level
 Alistair's Intoxication  Tmut/Pois      0%         N/A       100%        5
 Borgnjor's Vile Clutch   Necr/Erth      0%         N/A       100%        5
 Eringya's Noxious Bog    Tmut/Pois      0%         N/A       100%        6


Dungeon Overview and Level Annotations

Branches:
Dungeon (6/15)             Temple (1/1) D:5           Sewer (visited)

Altars:
Ashenzari
Cheibriados
Dithmenos
Elyvilon
Fedhas
Gozag
Hepliaklqana
Kikubaaqudgha
Makhleb
Nemelex Xobeh
Okawaru
Qazlal
Ru
Sif Muna
Trog
Uskayaw
Vehumet
Wu Jian
Xom
Yredelemnul
Zin
The Shining One

Shops:
D:3 !   D:5 :([?(


Innate Abilities, Weirdness & Mutations

You are immune to sickness and miasma.
Your stone body is resilient. (AC +5)
You are immune to poison.
You resist negative energy. (rN+)
You are resistant to electric shocks. (rElec)
You are resistant to unholy torment.
You are immune to petrification.


Message History

The yak is moderately wounded.
The yak gores you.
A gnoll comes into view. It is wielding a +0 halberd.
The yak gores you.
The gnoll moves out of view.
You shoot a bolt. The bolt barely misses the yak.
The bolt hits the yak.
The bolt burns the yak.
The yak is lightly wounded.
The yak gores you!
You shoot a bolt.
The bolt hits the yak but does no damage.
The yak is moderately wounded.
The gnoll hits you but does no damage. The yak gores you but does no damage.
You shoot a bolt. The bolt barely misses the yak.
The bolt hits the yak but does no damage.
The yak is lightly wounded.
The yak gores you but does no damage. The gnoll hits you but does no damage.
The yak gores you but does no damage. The gnoll closely misses you.
You shoot a bolt. The bolt hits the yak.
The bolt burns the yak.
The yak is moderately wounded.
The gnoll hits you but does no damage. The yak gores you!
You are too injured to fight recklessly!
You are too injured to fight recklessly!
The yak attacks as you move away! The yak gores you but does no damage.
The yak attacks as you move away! The yak gores you but does no damage.
The yak attacks as you move away! The yak gores you but does no damage.
The yak attacks as you move away! The yak gores you but does no damage.
The yak attacks as you move away! The yak gores you but does no damage.
The yak attacks as you move away! The yak gores you but does no damage.
The yak attacks as you move away! The yak gores you.
The yak attacks as you move away! The yak gores you.
* * * LOW HITPOINT WARNING * * *
The yak attacks as you move away! The yak completely misses you.
The yak attacks as you move away! The yak gores you.
* * * LOW HITPOINT WARNING * * *
The yak attacks as you move away! The yak gores you but does no damage.
The yak attacks as you move away! The yak gores you but does no damage.
As you read the scroll of teleportation, it crumbles to dust.
You feel strangely unstable. The yak barely misses you.
The yak attacks as you move away! The yak gores you.
You die...

#######
#.....#
##.....#
.......#######
##...g.YgY.g.#
#######
#.....#####Y#
#.....#
####### #.#
#.###.#
#Y#####.# #.#
#.gYY@..# #.#
##.####### #.#
#...#
#.#########
#...#
#.........#
#.>.#
#########.#
##..# #.# #..#
#.# #..# #.#
#..# #.#


You could see 3 yaks and a gnoll.

Vanquished Creatures
  2 water moccasins
  2 black bears
  4 bullfrogs
  2 necrophages
  A jelly (D:6)
  4 orc priests
  2 hounds
  An iguana (D:5)
  Robin (D:3)
  7 gnolls
  7 adders
  A white imp (D:6)
  A worm (D:4)
  13 orcs
  10 ball pythons
  13 endoplasms
  13 giant cockroaches
  13 hobgoblins
  3 jackals (D:3)
  10 quokkas
  4 bats
  11 frilled lizards
  13 goblins
  3 kobolds
  6 rats
147 creatures vanquished.

Notes
Turn   | Place    | Note
-------+----------+-------------------------------------------
     0 | D:1      | HoaS the Gargoyle Hunter began the quest for the Orb.
     0 | D:1      | Reached XP level 1. HP: 12/12 MP: 1/1
   303 | D:1      | Reached XP level 2. HP: 17/17 MP: 2/2
   334 | D:1      | Found a faded altar of an unknown god.
   690 | D:2      | Reached XP level 3. HP: 18/21 MP: 3/3
   716 | D:2      | Reached skill level 5 in Crossbows
   910 | D:2      | You fall into a shaft and drop 2 floors!
   912 | D:4      | Found a glowing drain.
   939 | Sewer    | Entered a sewer
   977 | Sewer    | Reached XP level 4. HP: 22/26 MP: 4/4
  1166 | Sewer    | Noticed a bullfrog
  1166 | Sewer    | Noticed a bullfrog
  1177 | Sewer    | Killed a bullfrog
  1178 | Sewer    | Reached skill level 6 in Crossbows
  1178 | Sewer    | Reached XP level 5. HP: 21/30 MP: 5/5
  1189 | Sewer    | Reached skill level 7 in Crossbows
  1189 | Sewer    | Reached XP level 6. HP: 8/35 MP: 6/6
  1552 | D:3      | Identified a scroll of acquirement
  1552 | D:3      | Acquired 881 gold pieces
  1599 | D:3      | Found Kialaul's Distillery.
  1602 | D:3      | Noticed Robin
  1651 | D:3      | Killed Robin
  1969 | D:3      | Bought a potion of heal wounds for 60 gold pieces
  2839 | D:3      | Noticed a water moccasin
  2849 | D:3      | Killed a water moccasin
  2850 | D:3      | Reached skill level 8 in Crossbows
  2850 | D:3      | Reached XP level 7. HP: 32/40 MP: 7/7
  3424 | D:5      | Entered Level 5 of the Dungeon
  3454 | D:5      | Reached skill level 9 in Crossbows
  3747 | D:5      | Found a staircase to the Ecumenical Temple.
  3782 | Temple   | Entered the Ecumenical Temple
  3865 | Temple   | Became a worshipper of Makhleb the Destroyer
  3892 | D:5      | Found Pohuqing's Antique Armour Emporium.
  3906 | D:5      | Found Qappuv's Book Shop.
  3956 | D:5      | Found Kudd's Weapon Emporium.
  3990 | D:5      | Found a sacrificial altar of Ru.
  4326 | D:5      | Reached XP level 8. HP: 36/44 MP: 8/8
  4436 | D:5      | Reached skill level 10 in Crossbows
  4672 | D:5      | Found Hiv Toux's Weapon Shop.
  4701 | D:5      | Found Jois's Magic Scroll Shoppe.
  4709 | D:5      | Bought a scroll of enchant armour for 90 gold pieces
  4709 | D:5      | Bought a scroll of enchant armour for 90 gold pieces
  5012 | D:6      | Reached skill level 1 in Armour
  5313 | D:6      | Noticed a yak
  5313 | D:6      | Noticed a yak
  5313 | D:6      | Noticed a yak
  5357 | D:6      | Slain by a yak

Illustrated notes

Levels and vault maps discovered:
D:1:      sevenhm_arrival_forest_fort_small_3, layout_loops_ring,
          hellmonk_ecumenical_altar_arch_garden, skrybe_limestone_x,
          hangedman_abyss_or_decor_stabs, st_stairs_12
D:2:      layout_loops_ring, amcnicky_mini_corridor_feature
D:3:      wander_river, layout_basic, serial_shops, nicolae_square_shop,
          uniq_robin
D:4:      layout_cave_pools, cheibrodos_sewer_entry_drain
D:5:      layout_loops_corners, mainiacjoe_overflow_boulevard,
          minmay_temple_entry_hall, serial_shops,
          nicolae_shop_bloodbath_and_beyond, shop, nicolae_stop_n_shop_2,
          nicolae_shop_advertising_works [nicolae_subvault_shop_adworks],
          nicolae_shop_overgrown_old_shop, kennysheep_generic_room_10
D:6:      layout_loops_ring
Temple:   dpeg_three_leaves_temple

Skill      XL: |  1  2  3  4  5  6  7  8 |
---------------+-------------------------+-----
Crossbows      | 5 6 7 8 9 10 | 10.0
Armour         | 2 |  2.0
Fighting       | 4 |  4.0
Dodging        | 2 |  2.3
Stealth        | |  1.2

Action                   |  1- 3 |  4- 6 |  7- 9 || total
-------------------------+-------+-------+-------++-------
 Fire: Hand crossbow     |    96 |   197 |   175 ||   468
  Use: Scroll            |     5 |     3 |     9 ||    17
       Potion            |       |     4 |     1 ||     5
Armor: Leather armour    |    23 |       |       ||    23
       Ring mail         |     7 |    64 |       ||    71
       Chain mail        |       |       |   102 ||   102
Dodge: Dodged            |    20 |    76 |    52 ||   148

Table legend: (Time is in decaauts)
 A = Elapsed time spent in this place.
 B = Non-inter-level travel time spent in this place.
 C = Inter-level travel time spent in this place.
 D = Time resting spent in this place.
 E = Time spent auto-exploring this place.
 F = Levels seen in this place.
 G = Mean time per level.
                   A        B        C        D        E       F      G
               +--------+--------+--------+--------+--------+-----+--------+
         Total |   5597 |   5447 |    150 |   1375 |   2986 |   8 |  699.6 |
       Dungeon |   4899 |   4756 |    143 |   1138 |   2758 |   6 |  816.5 |
        Temple |     88 |     81 |      7 |      0 |     55 |   1 |   88.0 |
         Sewer |    608 |    608 |      0 |    237 |    173 |   1 |  608.0 |
               +--------+--------+--------+--------+--------+-----+--------+

Top non-repeatable levels by time:
     D:5: 1493 daAuts
     D:3: 1005 daAuts
     D:2: 740 daAuts
     D:1: 689 daAuts
   Sewer: 608 daAuts
     D:4: 570 daAuts
     D:6: 400 daAuts
  Temple: 88 daAuts
